Bears vs Little Stars
Created - October 29, 2023 at 22:20
Goals
|
Bears |
3 |
1 |
2 |
6 |
Little Stars |
2 |
0 |
3 |
5 |
|
Shots
|
Bears |
13 |
17 |
9 |
39 |
Little Stars |
23 |
3 |
13 |
39 |
|
1st period
1. Bears , Vincent Dunn 4 (Michael Prapavessis 2, Austin Wuthrich 4) at 4:20
2. Little Stars , Adam Tambellini 8 (Daniel O'regan 9) at 4:32
3. Little Stars , Ilya Mikheyev 4 (Reece Willcox 5, Daniel O'regan 10) at 6:52
4. Bears , Joshua Leivo 1 (A.J. Jenks 4) at 15:09 (PP)
5. Bears , Kerby Rychel 5 (Michael Prapavessis 3) at 18:03
Penalties :
Reece Willcox (Tex) for Hooking (Minor) at 14:26, Joshua Leivo (Her) for Hooking (Minor) at 18:41
2nd period
6. Bears , A.J. Jenks 3 (Christian Dvorak 2) at 4:08
Penalties :
Austin Wuthrich (Her) for Hooking (Minor) at 7:21, Joakim Nygard (Tex) for Slashing (Minor) at 9:00, Reece Willcox (Tex) for Interference (Minor) at 14:41
3rd period
7. Bears , Adam Lowry 1 (Jacob Bryson 4) at 4:00
8. Bears , Kerby Rychel 6 (Tommy Vannelli 1, Nicolas Aube-Kubel 8) at 7:22
9. Little Stars , Ilya Mikheyev 5 (Daniel O'regan 11, Adam Tambellini 5) at 8:26
10. Little Stars , Radel Fazleev 1 (Shane Gersich 1, Justin Auger 2) at 9:29
11. Little Stars , Ilya Mikheyev 6 (Adam Tambellini 6, Daniel O'regan 12) at 17:32
Penalties :
No Penalty
Goalie Stats
Jake Allen (Her), 34 saves from 39 shots - (0.872), W, 4-3-0, 60:00 minutes
Michael Houser (Tex), 33 saves from 39 shots - (0.846), L, 2-3-1, 59:15 minutes
Players Stats for Bears
Player Name G A P +/- PIM S H SB GA TA FO MP PP MP PK MP
------------------------------------------------------------------------------------
A.J. Jenks 1 1 2 1 0 6 1 1 0 0 1/1 16:40 1:59 0:21
Adam Lowry 1 0 1 0 0 3 3 0 0 0 3/7 8:11 0:09 0:00
Austin Wuthrich 0 1 1 1 2 1 1 0 0 0 1/1 11:34 0:12 0:00
Christian Dvorak 0 1 1 0 0 1 1 0 0 0 6/18 14:13 0:00 0:00
Cole Smith 0 0 0 1 0 1 2 0 0 0 1/1 11:17 0:00 0:00
Emil Johansson 0 0 0 -1 0 1 1 0 0 1 0/0 17:03 0:00 1:24
Gianluca Curcuruto 0 0 0 -1 0 2 3 3 0 0 0/0 25:12 1:23 1:24
Jacob Bryson 0 1 1 1 0 1 2 0 0 1 0/0 14:54 2:45 0:00
Joshua Leivo 1 0 1 0 2 4 1 2 0 0 1/2 17:22 1:59 0:41
Kerby Rychel 2 0 2 -1 0 5 1 0 1 1 0/0 23:18 2:13 2:36
Logan O'Connor 0 0 0 0 0 2 1 0 0 0 0/0 8:02 0:00 0:00
Michael Prapavessis 0 2 2 -1 0 1 1 2 0 2 0/0 23:34 1:36 2:14
Nicolas Aube-Kubel 0 1 1 -1 0 3 0 0 1 0 1/2 20:51 2:10 1:02
Nikolay Prokhorkin 0 0 0 0 0 2 0 0 0 0 0/0 8:11 0:09 0:00
Ryan Graves 0 0 0 2 0 0 1 0 0 0 0/0 8:05 0:00 0:00
Sam Carrick 0 0 0 -1 0 1 3 1 1 0 18/44 23:18 2:13 2:36
Tommy Vannelli 0 1 1 -1 0 3 0 0 0 4 0/0 30:59 2:58 2:14
Vincent Dunn 1 0 1 1 0 2 1 0 1 0 2/4 13:16 1:59 0:00
Players Stats for Little Stars
Player Name G A P +/- PIM S H SB GA TA FO MP PP MP PK MP
------------------------------------------------------------------------------------
Adam Tambellini 1 2 3 0 0 4 1 2 2 2 0/0 24:41 2:15 2:57
Cal Burke 0 0 0 -1 0 0 0 0 0 0 0/1 6:55 0:00 0:00
Connor Mackey 0 0 0 -2 0 1 0 1 0 0 0/0 12:00 0:00 0:33
Daniel O'regan 0 4 4 0 0 4 2 0 0 0 32/48 24:36 2:15 2:52
Emile Poirier 0 0 0 -1 0 2 2 0 0 0 0/0 7:51 0:00 0:56
Evan Bouchard 0 0 0 -2 0 0 0 0 0 0 0/0 13:28 0:00 1:15
Filip Chytil 0 0 0 -1 0 0 0 0 1 0 2/2 7:22 0:00 0:27
Ilya Mikheyev 3 0 3 0 0 9 2 2 3 0 1/3 21:15 2:15 0:00
Jason Dickinson 0 0 0 0 0 2 2 0 0 0 7/20 16:31 1:23 1:02
Joakim Nygard 0 0 0 0 2 1 1 0 0 0 1/1 15:56 1:22 0:28
Justin Auger 0 1 1 1 0 2 2 0 1 0 0/0 11:31 0:00 0:00
Matt Luff 0 0 0 0 0 3 0 0 1 0 0/0 15:29 1:23 0:00
Radel Fazleev 1 0 1 1 0 1 0 1 1 0 2/4 11:31 0:00 0:00
Reece Willcox 0 1 1 2 4 1 1 1 0 1 0/0 27:20 1:53 1:06
Shane Gersich 0 1 1 1 0 2 0 0 0 0 1/1 11:31 0:00 0:00
Tucker Poolman 0 0 0 0 0 2 0 1 0 0 0/0 18:04 1:45 0:45
Ville Pokka 0 0 0 0 0 3 0 4 0 0 0/0 20:05 1:45 2:00
Wiley Sherman 0 0 0 2 0 2 2 2 0 1 0/0 29:10 1:53 3:03
3 Stars
1 - Ilya Mikheyev (Tex)
2 - Daniel O'regan (Tex)
3 - Adam Tambellini (Tex)
Power Play
Bears - 1 on 3 Attempt(s) - 33.33%
Little Stars - 0 on 2 Attempt(s) - 0.00%
Penalty Kill
Bears - 2 on 2 Attempt(s) - 100.00%
- Score 0 goal in Penalty Kill
Little Stars - 2 on 3 Attempt(s) - 66.67%
- Score 0 goal in Penalty Kill
Team Stat
Bears - Hits : 23 - Faceoff Wins : 34 - Blocked Shots : 9 - Penalty Minutes : 4
Little Stars - Hits : 15 - Faceoff Wins : 46 - Blocked Shots : 14 - Penalty Minutes : 6
Official
Referees : Wes McCauley and Beaudry Halkidis
Linesman : Ryan Galloway and Mark Shewchyk
Game Notes
Ryan Graves is injured at 14:01 of 2nd period (Sprained Left Finger)
Ilya Mikheyev has scored a Hat Trick!
Finance
Level 1 -- Attendance: 1893 (94.65%) -- Ticket Income $132,510
Level 2 -- Attendance: 993 (99.30%) -- Ticket Income $39,720
Total Attendance: 2886 (96.20%)
Total Ticket Income: $172,230
Other Income: $8,612
Total Income: $180,842
Bears
5 vs 5 Forward
Center Left Wing Right Wing Time % Phy DF OF
1 Sam Carrick Kerby Rychel Nicolas Aube-Kubel 35 0 0 5
2 Christian Dvorak A.J. Jenks Joshua Leivo 30 0 0 5
3 Vincent Dunn Cole Smith Austin Wuthrich 20 0 1 4
4 Adam Lowry Nikolay Prokhorkin Logan O'Connor 15 0 2 3
5 vs 5 Defense
Defense Defense Time % Phy DF OF
1 Gianluca Curcuruto Tommy Vannelli 40 0 2 3
2 Michael Prapavessis Ryan Graves 30 0 3 2
3 Jacob Bryson Emil Johansson 20 0 3 2
4 Tommy Vannelli Gianluca Curcuruto 10 0 3 2
PowerPlay Forward
Center Left Wing Right Wing Time % Phy DF OF
1 Sam Carrick Kerby Rychel Nicolas Aube-Kubel 60 0 0 5
2 Vincent Dunn A.J. Jenks Joshua Leivo 40 0 0 5
PowerPlay Defense
Defense Defense Time % Phy DF OF
1 Jacob Bryson Tommy Vannelli 60 0 2 3
2 Michael Prapavessis Gianluca Curcuruto 40 0 2 3
Penalty Kill 4 Players Forward
Center Wing Time % Phy DF OF
1 Sam Carrick Kerby Rychel 60 0 4 1
2 Nicolas Aube-Kubel Joshua Leivo 40 0 4 1
Penalty Kill 4 Players Defense
Defense Defense Time % Phy DF OF
1 Michael Prapavessis Tommy Vannelli 60 0 4 1
2 Emil Johansson Gianluca Curcuruto 40 0 4 1
Penalty Kill - 3 Players Forward
Forward Time % Phy DF OF
1 Sam Carrick 60 0 5 0
2 Nicolas Aube-Kubel 40 0 5 0
Penalty Kill - 3 Players Defense
Defense Defense Time % Phy DF OF
1 Tommy Vannelli Michael Prapavessis 60 0 5 0
2 Gianluca Curcuruto Emil Johansson 40 0 5 0
4 vs 4 Forward
Center Wing Time % Phy DF OF
1 Sam Carrick Kerby Rychel 60 0 0 5
2 Vincent Dunn Nicolas Aube-Kubel 40 0 0 5
4 vs 4 Defense
Defense Defense Time % Phy DF OF
1 Michael Prapavessis Tommy Vannelli 60 0 2 3
2 Emil Johansson Gianluca Curcuruto 40 0 3 2
Last Minutes Offensive
Center Left Wing Right Wing Defense Defense
Sam Carrick Kerby Rychel Nicolas Aube-Kubel Jacob Bryson Tommy Vannelli
Last Minutes Defensive
Center Left Wing Right Wing Defense Defense
Sam Carrick Kerby Rychel Nicolas Aube-Kubel Michael Prapavessis Tommy Vannelli
Goaltenders
Starting : Jake Allen
Backup : Artyom Zagidulin
Extra Forwards
Normal : Kerby Rychel, Nicolas Aube-Kubel, Sam Carrick - PP : Kerby Rychel, Nicolas Aube-Kubel - PK : Sam Carrick
Extra Defensemen
Normal : Tommy Vannelli, Gianluca Curcuruto, Michael Prapavessis - PP : Jacob Bryson - PK : Tommy Vannelli, Emil Johansson
Penalty Shots
Joshua Leivo, Nicolas Aube-Kubel, Kerby Rychel, A.J. Jenks, Christian Dvorak
Custom OT Lines Forwards
Kerby Rychel, Nicolas Aube-Kubel, Sam Carrick, Christian Dvorak, A.J. Jenks, Joshua Leivo, Nikolay Prokhorkin, Cole Smith, Logan O'Connor, Austin Wuthrich
Custom OT Lines Defensemen
Tommy Vannelli, Michael Prapavessis, Gianluca Curcuruto, Emil Johansson, Ryan Graves
Scratches
Blake Speers (Healthy), Colby Cave (Healthy), Jesper Pettersson (Healthy), David Farrance (Healthy), Mackenze Stewart (Healthy)
Zack Hayes (Healthy), Mario Ferraro (Healthy), Mikko Vainonen (Right Leg Injury), Will Reilly (Healthy), Kristians Rubins (Healthy)
Isaac Ratcliffe (Healthy), Nicholas Caamano (Healthy), Jakob Stenqvist (Healthy), Arvid Henrikson (Healthy), Kirill Maksimov (Healthy)
Little Stars
5 vs 5 Forward
Center Left Wing Right Wing Time % Phy DF OF
1 Daniel O'regan Adam Tambellini Ilya Mikheyev 40 1 2 2
2 Jason Dickinson Joakim Nygard Matt Luff 30 1 2 2
3 Radel Fazleev Shane Gersich Justin Auger 20 1 2 2
4 Filip Chytil Emile Poirier Cal Burke 10 1 2 2
5 vs 5 Defense
Defense Defense Time % Phy DF OF
1 Wiley Sherman Reece Willcox 40 1 2 2
2 Tucker Poolman Ville Pokka 30 1 2 2
3 Evan Bouchard Connor Mackey 20 1 2 2
4 Wiley Sherman Reece Willcox 10 1 2 2
PowerPlay Forward
Center Left Wing Right Wing Time % Phy DF OF
1 Daniel O'regan Adam Tambellini Ilya Mikheyev 60 0 2 3
2 Jason Dickinson Joakim Nygard Matt Luff 40 0 2 3
PowerPlay Defense
Defense Defense Time % Phy DF OF
1 Wiley Sherman Reece Willcox 60 1 2 2
2 Tucker Poolman Ville Pokka 40 1 2 2
Penalty Kill 4 Players Forward
Center Wing Time % Phy DF OF
1 Daniel O'regan Adam Tambellini 60 1 2 2
2 Jason Dickinson Joakim Nygard 40 1 2 2
Penalty Kill 4 Players Defense
Defense Defense Time % Phy DF OF
1 Wiley Sherman Reece Willcox 60 0 3 2
2 Tucker Poolman Ville Pokka 40 0 3 2
Penalty Kill - 3 Players Forward
Forward Time % Phy DF OF
1 Daniel O'regan 60 1 2 2
2 Jason Dickinson 40 1 2 2
Penalty Kill - 3 Players Defense
Defense Defense Time % Phy DF OF
1 Wiley Sherman Reece Willcox 60 1 2 2
2 Tucker Poolman Ville Pokka 40 1 2 2
4 vs 4 Forward
Center Wing Time % Phy DF OF
1 Daniel O'regan Adam Tambellini 60 1 2 2
2 Jason Dickinson Joakim Nygard 40 1 2 2
4 vs 4 Defense
Defense Defense Time % Phy DF OF
1 Wiley Sherman Reece Willcox 60 1 2 2
2 Tucker Poolman Ville Pokka 40 1 2 2
Last Minutes Offensive
Center Left Wing Right Wing Defense Defense
Daniel O'regan Adam Tambellini Ilya Mikheyev Wiley Sherman Reece Willcox
Last Minutes Defensive
Center Left Wing Right Wing Defense Defense
Daniel O'regan Adam Tambellini Ilya Mikheyev Wiley Sherman Reece Willcox
Goaltenders
Starting : Michael Houser
Backup : Danil Tarasov
Extra Forwards
Normal : Jason Dickinson, Shane Gersich, Matt Luff - PP : Jason Dickinson, Shane Gersich - PK : Jason Dickinson
Extra Defensemen
Normal : Ville Pokka, Evan Bouchard, Connor Mackey - PP : Ville Pokka - PK : Ville Pokka, Evan Bouchard
Penalty Shots
Ilya Mikheyev, Adam Tambellini, Daniel O'regan, Joakim Nygard, Jason Dickinson
Custom OT Lines Forwards
Ilya Mikheyev, Adam Tambellini, Daniel O'regan, Joakim Nygard, Jason Dickinson, Shane Gersich, Matt Luff, Emile Poirier, Justin Auger, Radel Fazleev
Custom OT Lines Defensemen
Wiley Sherman, Reece Willcox, Tucker Poolman, Ville Pokka, Evan Bouchard
Scratches
Jack McBain (Healthy), Jean-Christophe Beaudin (Healthy), Lawrence Pilut (Healthy), Rudolfs Balcers (Healthy), Yakov Trenin (Healthy)
Joey Anderson (Healthy), Jonathan Dahlen (Healthy), Givani Smith (Healthy), Blade Jenkins (Healthy), Bulat Shafigullin (Healthy)
% Time on Ice - Bears
Lines # - Real PCT - Wanted PCT - Time Play
Normal Forward
1 - 34% - 35% - 17:09
2 - 28% - 30% - 14:13
3 - 22% - 20% - 11:17
4 - 16% - 15% - 8:02
Normal Defense
1 - 38% - 40% - 19:08
2 - 37% - 30% - 18:42
3 - 22% - 20% - 11:11
4 - 3% - 10% - 1:40
PP Forward
1 - 54% - 60% - 2:22
2 - 46% - 40% - 1:59
PP Defense
1 - 68% - 60% - 2:58
2 - 32% - 40% - 1:23
PK Forward
1 - 72% - 60% - 2:36
2 - 28% - 40% - 1:02
PK Defense
1 - 61% - 60% - 2:14
2 - 39% - 40% - 1:24
PK3 Forward
1 - 0% - 60%
2 - 0% - 40%
PK3 Defense
1 - 0% - 60%
2 - 0% - 40%
44 Forward
1 - 100% - 60% - 0:20
2 - 0% - 40% - 0:00
44 Defense
1 - 100% - 60% - 0:20
2 - 0% - 40% - 0:00
Last Minute Offensive - 0:00
Last Minute Defensive - 1:00
Total
Forward - 60:00
Defense - 60:00
|
% Time on Ice - Little Stars
Lines # - Real PCT - Wanted PCT - Time Play
Normal Forward
1 - 36% - 40% - 18:10
2 - 28% - 30% - 14:06
3 - 23% - 20% - 11:31
4 - 14% - 10% - 6:55
Normal Defense
1 - 41% - 40% - 20:50
2 - 31% - 30% - 15:34
3 - 23% - 20% - 11:27
4 - 6% - 10% - 2:51
PP Forward
1 - 62% - 60% - 2:15
2 - 38% - 40% - 1:23
PP Defense
1 - 52% - 60% - 1:53
2 - 48% - 40% - 1:45
PK Forward
1 - 82% - 60% - 3:34
2 - 18% - 40% - 0:47
PK Defense
1 - 83% - 60% - 3:36
2 - 17% - 40% - 0:45
PK3 Forward
1 - 0% - 60%
2 - 0% - 40%
PK3 Defense
1 - 0% - 60%
2 - 0% - 40%
44 Forward
1 - 100% - 60% - 0:20
2 - 0% - 40% - 0:00
44 Defense
1 - 100% - 60% - 0:20
2 - 0% - 40% - 0:00
Last Minute Offensive - 0:59
Last Minute Defensive - 0:00
Total
Forward - 60:00
Defense - 60:00
|
Play-by-Play
1st period
0:01 of 1st period - Daniel O'regan wins face-off versus Sam Carrick in neutral zone.
0:26 of 1st period - Gianluca Curcuruto is hit by Wiley Sherman and loses puck.
1:15 of 1st period - Icing by Cal Burke.
1:16 of 1st period - Filip Chytil wins face-off versus Adam Lowry in Little Stars zone.
1:20 of 1st period - Off-side.
1:21 of 1st period - Daniel O'regan wins face-off versus Sam Carrick in neutral zone.
1:30 of 1st period - Snap shot by Ilya Mikheyev.
1:30 of 1st period - Stopped by Jake Allen without a rebound.
1:31 of 1st period - Daniel O'regan wins face-off versus Sam Carrick in Bears zone.
2:22 of 1st period - Wrist shot by Nicolas Aube-Kubel.
2:22 of 1st period - Stopped by Michael Houser without a rebound.
2:23 of 1st period - Jason Dickinson wins face-off versus Christian Dvorak in Little Stars zone.
2:37 of 1st period - Snap shot by Christian Dvorak.
2:37 of 1st period - Shot Misses the Net.
2:48 of 1st period - Icing by Matt Luff.
2:49 of 1st period - Shane Gersich wins face-off versus Adam Lowry in Little Stars zone.
2:58 of 1st period - Snap shot by Logan O'Connor.
2:58 of 1st period - Stopped by Michael Houser without a rebound.
2:59 of 1st period - Cole Smith wins face-off versus Jason Dickinson in Little Stars zone.
3:33 of 1st period - Wrist shot by A.J. Jenks.
3:33 of 1st period - Shot Blocked by Wiley Sherman.
3:49 of 1st period - Ville Pokka is hit by Gianluca Curcuruto and loses puck.
3:56 of 1st period - Snap shot by Adam Lowry.
3:56 of 1st period - Stopped by Michael Houser with a rebound.
3:58 of 1st period - Slapshot by Jacob Bryson.
3:58 of 1st period - Stopped by Michael Houser with a rebound.
4:00 of 1st period - Snap shot by Logan O'Connor.
4:00 of 1st period - Shot Misses the Net.
4:16 of 1st period - Snap shot by Cole Smith.
4:16 of 1st period - Stopped by Michael Houser with a rebound.
4:18 of 1st period - Snap shot by Austin Wuthrich.
4:18 of 1st period - Deflect By Vincent Dunn.
4:18 of 1st period - Stopped by Michael Houser with a rebound.
4:20 of 1st period - Backhand shot by Michael Prapavessis.
4:20 of 1st period - Deflect By Vincent Dunn.
4:20 of 1st period - Goal by Vincent Dunn - Bears : 1 - Little Stars : 0.
4:21 of 1st period - Daniel O'regan wins face-off versus Christian Dvorak in neutral zone.
4:32 of 1st period - Wrist shot by Adam Tambellini.
4:32 of 1st period - Goal by Adam Tambellini - Bears : 1 - Little Stars : 1.
4:33 of 1st period - Jason Dickinson wins face-off versus Sam Carrick in neutral zone.
4:42 of 1st period - Reece Willcox is hit by Kerby Rychel and loses puck.
4:59 of 1st period - Snap shot by Adam Tambellini.
4:59 of 1st period - Stopped by Jake Allen without a rebound.
5:00 of 1st period - Christian Dvorak wins face-off versus Ilya Mikheyev in Bears zone.
5:17 of 1st period - Wrist shot by Adam Tambellini.
5:17 of 1st period - Deflect By Daniel O'regan.
5:17 of 1st period - Stopped by Jake Allen without a rebound.
5:18 of 1st period - Vincent Dunn wins face-off versus Jason Dickinson in Bears zone.
5:53 of 1st period - Slapshot by Daniel O'regan.
5:53 of 1st period - Shot Blocked by Michael Prapavessis.
6:07 of 1st period - Connor Mackey is hit by Adam Lowry and loses puck.
6:23 of 1st period - Icing by Connor Mackey.
6:24 of 1st period - Filip Chytil wins face-off versus Christian Dvorak in Little Stars zone.
6:36 of 1st period - Off-side.
6:37 of 1st period - Daniel O'regan wins face-off versus Sam Carrick in neutral zone.
6:44 of 1st period - Snap shot by Adam Tambellini.
6:44 of 1st period - Stopped by Jake Allen with a rebound.
6:46 of 1st period - Wrist shot by Ilya Mikheyev.
6:46 of 1st period - Stopped by Jake Allen without a rebound.
6:47 of 1st period - Daniel O'regan wins face-off versus Sam Carrick in Bears zone.
6:48 of 1st period - Wrist shot by Ilya Mikheyev.
6:48 of 1st period - Stopped by Jake Allen with a rebound.
6:50 of 1st period - Slapshot by Reece Willcox.
6:50 of 1st period - Stopped by Jake Allen with a rebound.
6:52 of 1st period - Slapshot by Ilya Mikheyev.
6:52 of 1st period - Goal by Ilya Mikheyev - Bears : 1 - Little Stars : 2.
6:53 of 1st period - Joakim Nygard wins face-off versus Vincent Dunn in neutral zone.
7:04 of 1st period - Slapshot by Jason Dickinson.
7:04 of 1st period - Stopped by Jake Allen with a rebound.
7:06 of 1st period - Snap shot by Tucker Poolman.
7:06 of 1st period - Shot Blocked by Gianluca Curcuruto.
7:08 of 1st period - Slapshot by Tucker Poolman.
7:08 of 1st period - Deflect By Cole Smith.
7:08 of 1st period - Stopped by Jake Allen with a rebound.
7:18 of 1st period - Gianluca Curcuruto is hit by Daniel O'regan and loses puck.
8:46 of 1st period - Off-side.
8:47 of 1st period - Sam Carrick wins face-off versus Daniel O'regan in neutral zone.
9:45 of 1st period - Off-side.
9:46 of 1st period - Daniel O'regan wins face-off versus Sam Carrick in neutral zone.
10:00 of 1st period - Wrist shot by Adam Tambellini.
10:00 of 1st period - Shot Misses the Net.
10:02 of 1st period - Slapshot by Daniel O'regan.
10:02 of 1st period - Stopped by Jake Allen without a rebound.
10:03 of 1st period - Jason Dickinson wins face-off versus Christian Dvorak in Bears zone.
10:04 of 1st period - Wrist shot by Matt Luff.
10:04 of 1st period - Stopped by Jake Allen with a rebound.
10:37 of 1st period - Slapshot by Tommy Vannelli.
10:37 of 1st period - Shot Blocked by Tucker Poolman.
10:39 of 1st period - Snap shot by Austin Wuthrich.
10:39 of 1st period - Shot Blocked by Ville Pokka.
10:55 of 1st period - Wrist shot by Justin Auger.
10:55 of 1st period - Stopped by Jake Allen without a rebound.
10:56 of 1st period - Christian Dvorak wins face-off versus Jason Dickinson in Bears zone.
12:03 of 1st period - Off-side.
12:04 of 1st period - Adam Lowry wins face-off versus Cal Burke in neutral zone.
12:29 of 1st period - Tommy Vannelli is hit by Adam Tambellini.
13:10 of 1st period - Snap shot by Shane Gersich.
13:10 of 1st period - Shot Misses the Net.
13:12 of 1st period - Slapshot by Ville Pokka.
13:12 of 1st period - Stopped by Jake Allen with a rebound.
13:14 of 1st period - Slapshot by Ville Pokka.
13:14 of 1st period - Deflect By Michael Prapavessis.
13:14 of 1st period - Stopped by Jake Allen without a rebound.
13:15 of 1st period - Sam Carrick wins face-off versus Radel Fazleev in Bears zone.
13:40 of 1st period - Gianluca Curcuruto is hit by Daniel O'regan and loses puck.
14:26 of 1st period - Minor Penalty to Reece Willcox for Hooking.
14:27 of 1st period - Sam Carrick wins face-off versus Daniel O'regan in Little Stars zone.
15:03 of 1st period - Snap shot by Tommy Vannelli.
15:03 of 1st period - Stopped by Michael Houser without a rebound.
15:04 of 1st period - Joshua Leivo wins face-off versus Jason Dickinson in Little Stars zone.
15:09 of 1st period - Snap shot by Joshua Leivo.
15:09 of 1st period - Goal by Joshua Leivo - Bears : 2 - Little Stars : 2.
15:10 of 1st period - Daniel O'regan wins face-off versus Sam Carrick in neutral zone.
15:47 of 1st period - Wrist shot by Christian Dvorak.
15:47 of 1st period - Stopped by Michael Houser with a rebound.
16:06 of 1st period - Wrist shot by Justin Auger.
16:06 of 1st period - Stopped by Jake Allen with a rebound.
16:08 of 1st period - Snap shot by Justin Auger.
16:08 of 1st period - Shot Misses the Net.
16:10 of 1st period - Slapshot by Tucker Poolman.
16:10 of 1st period - Stopped by Jake Allen with a rebound.
16:20 of 1st period - Gianluca Curcuruto is hit by Emile Poirier and loses puck.
16:25 of 1st period - Wrist shot by Emile Poirier.
16:25 of 1st period - Stopped by Jake Allen with a rebound.
16:27 of 1st period - Snap shot by Ville Pokka.
16:27 of 1st period - Stopped by Jake Allen with a rebound.
16:29 of 1st period - Slapshot by Emile Poirier.
16:29 of 1st period - Stopped by Jake Allen with a rebound.
17:22 of 1st period - Slapshot by Joshua Leivo.
17:22 of 1st period - Shot Blocked by Radel Fazleev.
17:24 of 1st period - Snap shot by A.J. Jenks.
17:24 of 1st period - Stopped by Michael Houser with a rebound.
17:26 of 1st period - Snap shot by A.J. Jenks.
17:26 of 1st period - Stopped by Michael Houser with a rebound.
17:28 of 1st period - Snap shot by A.J. Jenks.
17:28 of 1st period - Shot Misses the Net.
17:38 of 1st period - Emil Johansson is hit by Emile Poirier and loses puck.
18:03 of 1st period - Snap shot by Kerby Rychel.
18:03 of 1st period - Goal by Kerby Rychel - Bears : 3 - Little Stars : 2.
18:04 of 1st period - Sam Carrick wins face-off versus Daniel O'regan in neutral zone.
18:21 of 1st period - Snap shot by Adam Tambellini.
18:21 of 1st period - Shot Misses the Net.
18:31 of 1st period - Reece Willcox is hit by Ryan Graves and loses puck.
18:41 of 1st period - Minor Penalty to Joshua Leivo for Hooking.
18:42 of 1st period - Daniel O'regan wins face-off versus Sam Carrick in Bears zone.
18:47 of 1st period - Snap shot by Ilya Mikheyev.
18:47 of 1st period - Stopped by Jake Allen with a rebound.
18:49 of 1st period - Slapshot by Reece Willcox.
18:49 of 1st period - Shot Blocked by Sam Carrick.
19:12 of 1st period - Icing by Joakim Nygard.
19:13 of 1st period - Sam Carrick wins face-off versus Jason Dickinson in Little Stars zone.
19:51 of 1st period - Snap shot by Adam Tambellini.
19:51 of 1st period - Stopped by Jake Allen without a rebound.
19:52 of 1st period - Daniel O'regan wins face-off versus Nicolas Aube-Kubel in Bears zone.
Goals for this period are 3 for Bears vs 2 for Little Stars.
Shots for this period are 13 for Bears vs 23 for Little Stars.
2nd period
0:01 of 2nd period - Sam Carrick wins face-off versus Daniel O'regan in neutral zone.
0:13 of 2nd period - Snap shot by Ilya Mikheyev.
0:13 of 2nd period - Stopped by Jake Allen without a rebound.
0:14 of 2nd period - Daniel O'regan wins face-off versus Sam Carrick in Bears zone.
0:26 of 2nd period - Off-side.
0:27 of 2nd period - Daniel O'regan wins face-off versus Sam Carrick in neutral zone.
0:41 of 2nd period - Penalty to Joshua Leivo is over, Joshua Leivo is back on ice.
0:46 of 2nd period - Wrist shot by Sam Carrick.
0:46 of 2nd period - Shot Misses the Net.
1:20 of 2nd period - Slapshot by Michael Prapavessis.
1:20 of 2nd period - Stopped by Michael Houser without a rebound.
1:21 of 2nd period - Austin Wuthrich wins face-off versus Daniel O'regan in Little Stars zone.
2:18 of 2nd period - Wiley Sherman is hit by Adam Lowry and loses puck.
2:35 of 2nd period - Filip Chytil is hit by Gianluca Curcuruto and loses puck.
2:42 of 2nd period - Snap shot by Filip Chytil.
2:42 of 2nd period - Shot Misses the Net.
2:54 of 2nd period - Slapshot by Gianluca Curcuruto.
2:54 of 2nd period - Deflect By Joshua Leivo.
2:54 of 2nd period - Stopped by Michael Houser with a rebound.
2:56 of 2nd period - Slapshot by Tommy Vannelli.
2:56 of 2nd period - Stopped by Michael Houser with a rebound.
2:58 of 2nd period - Slapshot by Gianluca Curcuruto.
2:58 of 2nd period - Stopped by Michael Houser with a rebound.
3:12 of 2nd period - Wrist shot by Nikolay Prokhorkin.
3:12 of 2nd period - Stopped by Michael Houser without a rebound.
3:13 of 2nd period - Adam Lowry wins face-off versus Jason Dickinson in Little Stars zone.
3:38 of 2nd period - Snap shot by Kerby Rychel.
3:38 of 2nd period - Stopped by Michael Houser without a rebound.
3:39 of 2nd period - Radel Fazleev wins face-off versus Sam Carrick in Little Stars zone.
3:48 of 2nd period - Snap shot by Kerby Rychel.
3:48 of 2nd period - Shot Blocked by Ville Pokka.
4:06 of 2nd period - Icing by Adam Tambellini.
4:07 of 2nd period - Christian Dvorak wins face-off versus Daniel O'regan in Little Stars zone.
4:08 of 2nd period - Snap shot by A.J. Jenks.
4:08 of 2nd period - Goal by A.J. Jenks - Bears : 4 - Little Stars : 2.
4:09 of 2nd period - Daniel O'regan wins face-off versus Christian Dvorak in neutral zone.
4:30 of 2nd period - Gianluca Curcuruto is hit by Reece Willcox and loses puck.
5:12 of 2nd period - Snap shot by Gianluca Curcuruto.
5:12 of 2nd period - Deflect By Austin Wuthrich.
5:12 of 2nd period - Stopped by Michael Houser without a rebound.
5:13 of 2nd period - Christian Dvorak wins face-off versus Daniel O'regan in Little Stars zone.
5:28 of 2nd period - Wrist shot by A.J. Jenks.
5:28 of 2nd period - Shot Blocked by Ville Pokka.
6:17 of 2nd period - Wrist shot by Shane Gersich.
6:17 of 2nd period - Shot Misses the Net.
6:49 of 2nd period - Wrist shot by Sam Carrick.
6:49 of 2nd period - Shot Misses the Net.
6:51 of 2nd period - Snap shot by Kerby Rychel.
6:51 of 2nd period - Stopped by Michael Houser with a rebound.
6:53 of 2nd period - Snap shot by Kerby Rychel.
6:53 of 2nd period - Shot Misses the Net.
7:08 of 2nd period - Slapshot by Wiley Sherman.
7:08 of 2nd period - Shot Blocked by Joshua Leivo.
7:21 of 2nd period - Minor Penalty to Austin Wuthrich for Hooking.
7:22 of 2nd period - Daniel O'regan wins face-off versus Sam Carrick in Bears zone.
7:56 of 2nd period - Wrist shot by Matt Luff.
7:56 of 2nd period - Stopped by Jake Allen without a rebound.
7:57 of 2nd period - Jason Dickinson wins face-off versus Joshua Leivo in Bears zone.
8:04 of 2nd period - Snap shot by Joakim Nygard.
8:04 of 2nd period - Shot Blocked by Gianluca Curcuruto.
8:06 of 2nd period - Snap shot by Jason Dickinson.
8:06 of 2nd period - Shot Misses the Net.
8:08 of 2nd period - Slapshot by Matt Luff.
8:08 of 2nd period - Shot Misses the Net.
8:53 of 2nd period - Off-side.
8:54 of 2nd period - Nicolas Aube-Kubel wins face-off versus Jason Dickinson in neutral zone.
9:00 of 2nd period - Minor Penalty to Joakim Nygard for Slashing.
9:01 of 2nd period - Daniel O'regan wins face-off versus Sam Carrick in Little Stars zone.
9:21 of 2nd period - Penalty to Austin Wuthrich is over, Austin Wuthrich is back on ice.
9:33 of 2nd period - Backhand shot by Joshua Leivo.
9:33 of 2nd period - Stopped by Michael Houser without a rebound.
9:34 of 2nd period - Vincent Dunn wins face-off versus Daniel O'regan in Little Stars zone.
9:49 of 2nd period - Wrist shot by Joshua Leivo.
9:49 of 2nd period - Stopped by Michael Houser without a rebound.
9:50 of 2nd period - Sam Carrick wins face-off versus Daniel O'regan in Little Stars zone.
10:03 of 2nd period - Wrist shot by Kerby Rychel.
10:03 of 2nd period - Shot Blocked by Adam Tambellini.
10:05 of 2nd period - Slapshot by Gianluca Curcuruto.
10:05 of 2nd period - Stopped by Michael Houser without a rebound.
10:06 of 2nd period - Sam Carrick wins face-off versus Daniel O'regan in Little Stars zone.
10:09 of 2nd period - Backhand shot by Kerby Rychel.
10:09 of 2nd period - Shot Misses the Net.
10:11 of 2nd period - Slapshot by Tommy Vannelli.
10:11 of 2nd period - Shot Misses the Net.
10:13 of 2nd period - Snap shot by Nicolas Aube-Kubel.
10:13 of 2nd period - Shot Misses the Net.
10:15 of 2nd period - Slapshot by Tommy Vannelli.
10:15 of 2nd period - Stopped by Michael Houser with a rebound.
10:17 of 2nd period - Wrist shot by Kerby Rychel.
10:17 of 2nd period - Shot Blocked by Reece Willcox.
10:19 of 2nd period - Wrist shot by Kerby Rychel.
10:19 of 2nd period - Stopped by Michael Houser without a rebound.
10:20 of 2nd period - Daniel O'regan wins face-off versus Sam Carrick in Little Stars zone.
10:54 of 2nd period - Tucker Poolman is hit by A.J. Jenks and loses puck.
11:00 of 2nd period - Penalty to Joakim Nygard is over, Joakim Nygard is back on ice.
11:25 of 2nd period - Wrist shot by Joakim Nygard.
11:25 of 2nd period - Shot Blocked by Gianluca Curcuruto.
11:55 of 2nd period - Emil Johansson is hit by Justin Auger and loses puck.
12:00 of 2nd period - Snap shot by Radel Fazleev.
12:00 of 2nd period - Shot Blocked by Joshua Leivo.
12:02 of 2nd period - Slapshot by Connor Mackey.
12:02 of 2nd period - Stopped by Jake Allen without a rebound.
12:03 of 2nd period - Sam Carrick wins face-off versus Daniel O'regan in Bears zone.
12:03 of 2nd period - Sam Carrick is hit by Ilya Mikheyev.
13:14 of 2nd period - Tucker Poolman is hit by Adam Lowry and loses puck.
13:25 of 2nd period - Slapshot by Tommy Vannelli.
13:25 of 2nd period - Deflect By Logan O'Connor.
13:25 of 2nd period - Shot Misses the Net.
13:25 of 2nd period - Puck is out of play.
13:26 of 2nd period - Daniel O'regan wins face-off versus Sam Carrick in Little Stars zone.
14:00 of 2nd period - Ryan Graves is hit by Jason Dickinson and loses puck.
14:01 of 2nd period - Ryan Graves from Bears is injured at 14:01 of 2nd period (Sprained Left Finger).
14:02 of 2nd period - Sam Carrick wins face-off versus Daniel O'regan in Bears zone.
14:34 of 2nd period - Slapshot by Emil Johansson.
14:34 of 2nd period - Stopped by Michael Houser with a rebound.
14:41 of 2nd period - Minor Penalty to Reece Willcox for Interference.
14:42 of 2nd period - Sam Carrick wins face-off versus Daniel O'regan in Little Stars zone.
14:54 of 2nd period - Wiley Sherman is hit by Jacob Bryson and loses puck.
16:41 of 2nd period - Penalty to Reece Willcox is over, Reece Willcox is back on ice.
16:44 of 2nd period - Ville Pokka is hit by Logan O'Connor and loses puck.
16:49 of 2nd period - Slapshot by Nikolay Prokhorkin.
16:49 of 2nd period - Stopped by Michael Houser without a rebound.
16:50 of 2nd period - Adam Lowry wins face-off versus Jason Dickinson in Little Stars zone.
16:53 of 2nd period - Snap shot by Nikolay Prokhorkin.
16:53 of 2nd period - Deflect By Logan O'Connor.
16:53 of 2nd period - Shot Misses the Net.
16:53 of 2nd period - Puck is out of play.
16:54 of 2nd period - Christian Dvorak wins face-off versus Jason Dickinson in Little Stars zone.
17:57 of 2nd period - Daniel O'regan is hit by Austin Wuthrich and loses puck.
18:04 of 2nd period - Adam Tambellini is hit by Cole Smith and loses puck.
18:41 of 2nd period - Snap shot by Ilya Mikheyev.
18:41 of 2nd period - Shot Misses the Net.
18:43 of 2nd period - Slapshot by Daniel O'regan.
18:43 of 2nd period - Shot Misses the Net.
18:45 of 2nd period - Wrist shot by Tucker Poolman.
18:45 of 2nd period - Deflect By Adam Tambellini.
18:45 of 2nd period - Shot Misses the Net.
18:45 of 2nd period - Puck is out of play.
18:46 of 2nd period - Sam Carrick wins face-off versus Jason Dickinson in Bears zone.
18:55 of 2nd period - Snap shot by Kerby Rychel.
18:55 of 2nd period - Shot Misses the Net.
18:57 of 2nd period - Snap shot by Nicolas Aube-Kubel.
18:57 of 2nd period - Shot Misses the Net.
18:59 of 2nd period - Slapshot by Jacob Bryson.
18:59 of 2nd period - Deflect By Nicolas Aube-Kubel.
18:59 of 2nd period - Stopped by Michael Houser with a rebound.
19:01 of 2nd period - Backhand shot by Emil Johansson.
19:01 of 2nd period - Shot Blocked by Connor Mackey.
19:31 of 2nd period - Emile Poirier is hit by Gianluca Curcuruto and loses puck.
19:50 of 2nd period - Gianluca Curcuruto is hit by Joakim Nygard and loses puck.
Goals for this period are 1 for Bears vs 0 for Little Stars.
Shots for this period are 17 for Bears vs 3 for Little Stars.
3rd period
0:01 of 3rd period - Daniel O'regan wins face-off versus Sam Carrick in neutral zone.
0:31 of 3rd period - Michael Prapavessis is hit by Justin Auger.
0:32 of 3rd period - Icing by Michael Prapavessis.
0:33 of 3rd period - Sam Carrick wins face-off versus Radel Fazleev in Bears zone.
1:05 of 3rd period - Wrist shot by Kerby Rychel.
1:05 of 3rd period - Deflect By Sam Carrick.
1:05 of 3rd period - Stopped by Michael Houser with a rebound.
1:07 of 3rd period - Wrist shot by Kerby Rychel.
1:07 of 3rd period - Deflect By Nicolas Aube-Kubel.
1:07 of 3rd period - Shot Misses the Net.
1:07 of 3rd period - Puck is out of play.
1:08 of 3rd period - Daniel O'regan wins face-off versus Christian Dvorak in Little Stars zone.
2:28 of 3rd period - Snap shot by Daniel O'regan.
2:28 of 3rd period - Stopped by Jake Allen with a rebound.
2:59 of 3rd period - Michael Prapavessis is hit by Jason Dickinson.
3:26 of 3rd period - Ville Pokka is hit by Sam Carrick and loses puck.
4:00 of 3rd period - Slapshot by Jacob Bryson.
4:00 of 3rd period - Deflect By Adam Lowry.
4:00 of 3rd period - Goal by Adam Lowry - Bears : 5 - Little Stars : 2.
4:01 of 3rd period - Daniel O'regan wins face-off versus Sam Carrick in neutral zone.
4:40 of 3rd period - Joakim Nygard is hit by Cole Smith and loses puck.
5:44 of 3rd period - Icing by Ilya Mikheyev.
5:45 of 3rd period - Christian Dvorak wins face-off versus Daniel O'regan in Little Stars zone.
5:50 of 3rd period - Wrist shot by Joshua Leivo.
5:50 of 3rd period - Shot Blocked by Ville Pokka.
5:52 of 3rd period - Slapshot by Jacob Bryson.
5:52 of 3rd period - Shot Blocked by Adam Tambellini.
5:54 of 3rd period - Snap shot by A.J. Jenks.
5:54 of 3rd period - Stopped by Michael Houser without a rebound.
5:55 of 3rd period - Ilya Mikheyev wins face-off versus Christian Dvorak in Little Stars zone.
6:10 of 3rd period - Wrist shot by Christian Dvorak.
6:10 of 3rd period - Deflect By A.J. Jenks.
6:10 of 3rd period - Shot Blocked by Ilya Mikheyev.
6:10 of 3rd period - Puck is out of play.
6:11 of 3rd period - Jason Dickinson wins face-off versus Sam Carrick in Little Stars zone.
6:23 of 3rd period - Off-side.
6:24 of 3rd period - Daniel O'regan wins face-off versus Sam Carrick in neutral zone.
6:26 of 3rd period - Off-side.
6:27 of 3rd period - Daniel O'regan wins face-off versus Sam Carrick in neutral zone.
6:40 of 3rd period - Daniel O'regan is hit by Sam Carrick and loses puck.
6:53 of 3rd period - Snap shot by Joakim Nygard.
6:53 of 3rd period - Stopped by Jake Allen with a rebound.
6:55 of 3rd period - Snap shot by Wiley Sherman.
6:55 of 3rd period - Deflect By Matt Luff.
6:55 of 3rd period - Stopped by Jake Allen without a rebound.
6:56 of 3rd period - A.J. Jenks wins face-off versus Jason Dickinson in Bears zone.
7:03 of 3rd period - Wrist shot by A.J. Jenks.
7:03 of 3rd period - Stopped by Michael Houser without a rebound.
7:04 of 3rd period - Daniel O'regan wins face-off versus Sam Carrick in Little Stars zone.
7:08 of 3rd period - Off-side.
7:09 of 3rd period - Sam Carrick wins face-off versus Daniel O'regan in neutral zone.
7:14 of 3rd period - Slapshot by Tommy Vannelli.
7:14 of 3rd period - Shot Misses the Net.
7:16 of 3rd period - Snap shot by Nicolas Aube-Kubel.
7:16 of 3rd period - Shot Blocked by Wiley Sherman.
7:20 of 3rd period - Snap shot by Kerby Rychel.
7:20 of 3rd period - Shot Misses the Net.
7:22 of 3rd period - Wrist shot by Kerby Rychel.
7:22 of 3rd period - Goal by Kerby Rychel - Bears : 6 - Little Stars : 2.
7:23 of 3rd period - Daniel O'regan wins face-off versus Christian Dvorak in neutral zone.
7:42 of 3rd period - Icing by Tommy Vannelli.
7:43 of 3rd period - Jason Dickinson wins face-off versus Christian Dvorak in Bears zone.
8:10 of 3rd period - Snap shot by A.J. Jenks.
8:10 of 3rd period - Stopped by Michael Houser without a rebound.
8:11 of 3rd period - Daniel O'regan wins face-off versus Sam Carrick in Little Stars zone.
8:26 of 3rd period - Snap shot by Ilya Mikheyev.
8:26 of 3rd period - Goal by Ilya Mikheyev - Bears : 6 - Little Stars : 3.
8:27 of 3rd period - Daniel O'regan wins face-off versus Sam Carrick in neutral zone.
8:30 of 3rd period - Wrist shot by Adam Tambellini.
8:30 of 3rd period - Shot Misses the Net.
8:36 of 3rd period - Snap shot by Kerby Rychel.
8:36 of 3rd period - Shot Misses the Net.
8:38 of 3rd period - Snap shot by Sam Carrick.
8:38 of 3rd period - Shot Misses the Net.
8:40 of 3rd period - Snap shot by Nicolas Aube-Kubel.
8:40 of 3rd period - Stopped by Michael Houser without a rebound.
8:41 of 3rd period - Daniel O'regan wins face-off versus Christian Dvorak in Little Stars zone.
8:56 of 3rd period - Wrist shot by Joshua Leivo.
8:56 of 3rd period - Deflect By Christian Dvorak.
8:56 of 3rd period - Shot Blocked by Ilya Mikheyev.
8:56 of 3rd period - Puck is out of play.
8:57 of 3rd period - Sam Carrick wins face-off versus Jason Dickinson in Little Stars zone.
9:29 of 3rd period - Wrist shot by Radel Fazleev.
9:29 of 3rd period - Goal by Radel Fazleev - Bears : 6 - Little Stars : 4.
9:30 of 3rd period - Daniel O'regan wins face-off versus Christian Dvorak in neutral zone.
9:33 of 3rd period - Christian Dvorak is hit by Ilya Mikheyev and loses puck.
9:42 of 3rd period - Wrist shot by Daniel O'regan.
9:42 of 3rd period - Stopped by Jake Allen without a rebound.
9:43 of 3rd period - Sam Carrick wins face-off versus Daniel O'regan in Bears zone.
9:43 of 3rd period - Sam Carrick is hit by Wiley Sherman.
9:55 of 3rd period - Snap shot by Ilya Mikheyev.
9:55 of 3rd period - Stopped by Jake Allen without a rebound.
9:56 of 3rd period - Daniel O'regan wins face-off versus Christian Dvorak in Bears zone.
10:45 of 3rd period - Justin Auger is hit by Emil Johansson and loses puck.
11:00 of 3rd period - Snap shot by Logan O'Connor.
11:00 of 3rd period - Stopped by Michael Houser with a rebound.
11:02 of 3rd period - Wrist shot by Adam Lowry.
11:02 of 3rd period - Stopped by Michael Houser with a rebound.
11:38 of 3rd period - Slapshot by Reece Willcox.
11:38 of 3rd period - Shot Blocked by A.J. Jenks.
12:07 of 3rd period - Adam Tambellini is hit by Michael Prapavessis and loses puck.
13:15 of 3rd period - Snap shot by Jason Dickinson.
13:15 of 3rd period - Stopped by Jake Allen without a rebound.
13:16 of 3rd period - Jason Dickinson wins face-off versus Vincent Dunn in Bears zone.
13:52 of 3rd period - Shane Gersich is hit by Vincent Dunn and loses puck.
14:01 of 3rd period - Snap shot by Austin Wuthrich.
14:01 of 3rd period - Shot Misses the Net.
14:11 of 3rd period - Wrist shot by Justin Auger.
14:11 of 3rd period - Shot Misses the Net.
14:13 of 3rd period - Wrist shot by Shane Gersich.
14:13 of 3rd period - Shot Misses the Net.
14:25 of 3rd period - Wrist shot by Radel Fazleev.
14:25 of 3rd period - Shot Hit the Post.
14:27 of 3rd period - Wrist shot by Radel Fazleev.
14:27 of 3rd period - Deflect By Shane Gersich.
14:27 of 3rd period - Shot Misses the Net.
14:27 of 3rd period - Puck is out of play.
14:28 of 3rd period - Sam Carrick wins face-off versus Ilya Mikheyev in Bears zone.
15:45 of 3rd period - Adam Tambellini is hit by Jacob Bryson and loses puck.
15:58 of 3rd period - Ville Pokka is hit by Christian Dvorak and loses puck.
16:11 of 3rd period - Connor Mackey is hit by Joshua Leivo and loses puck.
16:43 of 3rd period - Slapshot by Emile Poirier.
16:43 of 3rd period - Shot Misses the Net.
16:55 of 3rd period - Slapshot by Wiley Sherman.
16:55 of 3rd period - Stopped by Jake Allen with a rebound.
17:22 of 3rd period - Snap shot by Shane Gersich.
17:22 of 3rd period - Shot Misses the Net.
17:24 of 3rd period - Slapshot by Shane Gersich.
17:24 of 3rd period - Stopped by Jake Allen without a rebound.
17:25 of 3rd period - Daniel O'regan wins face-off versus Adam Lowry in Bears zone.
17:32 of 3rd period - Wrist shot by Ilya Mikheyev.
17:32 of 3rd period - Goal by Ilya Mikheyev - Bears : 6 - Little Stars : 5.
17:33 of 3rd period - Radel Fazleev wins face-off versus Adam Lowry in neutral zone.
17:42 of 3rd period - Slapshot by Shane Gersich.
17:42 of 3rd period - Stopped by Jake Allen with a rebound.
17:44 of 3rd period - Slapshot by Wiley Sherman.
17:44 of 3rd period - Stopped by Jake Allen with a rebound.
18:20 of 3rd period - Off-side.
18:21 of 3rd period - Sam Carrick wins face-off versus Jason Dickinson in neutral zone.
19:06 of 3rd period - Little Stars, Michael Houser is pulled from the net.
19:12 of 3rd period - Adam Tambellini is hit by Sam Carrick and loses puck.
19:18 of 3rd period - Icing by Adam Tambellini.
19:19 of 3rd period - Michael Houser from Little Stars was sent back in the game.
19:19 of 3rd period - Daniel O'regan wins face-off versus Sam Carrick in Little Stars zone.
19:28 of 3rd period - Little Stars, Michael Houser is pulled from the net.
19:28 of 3rd period - Slapshot by Daniel O'regan.
19:28 of 3rd period - Shot Misses the Net.
19:30 of 3rd period - Wrist shot by Ville Pokka.
19:30 of 3rd period - Deflect By Ilya Mikheyev.
19:30 of 3rd period - Shot Blocked by Michael Prapavessis.
19:30 of 3rd period - Puck is out of play.
19:31 of 3rd period - Mike Yeo call a timeout for Little Stars.
19:31 of 3rd period - Daniel O'regan wins face-off versus Sam Carrick in Bears zone.
Goals for this period are 2 for Bears vs 3 for Little Stars.
Shots for this period are 9 for Bears vs 13 for Little Stars.